 Dungeon Crawl Stone Soup version 0.28.0-43-g3370ac3207 (webtiles) character file.

Game seed: 4295587943058636060

11 Pinkishskies the Caller (level 2, -2/20 HPs)
             Began as a Hill Orc Summoner on Mar 31, 2022.
             Frozen to death by an endoplasm (4 damage)
             ... on level 1 of the Dungeon.
             The game lasted 00:02:39 (349 turns).

Pinkishskies the Caller (Hill Orc Summoner)          Turns: 349, Time: 00:02:40

Health: -2/20      AC:  2    Str: 10    XL:     2   Next: 25%
Magic:  4/4        EV: 12    Int: 15    God:
Gold:   12         SH:  0    Dex: 11    Spells: 3/4 levels left

rFire   . . .      SeeInvis .   b - +0 dagger
rCold   . . .      Faith    .   (no shield)
rNeg    . . .      Spirit   .   a - +0 robe
rPois   .          Reflect  .   (no helmet)
rElec   .          Harm     .   (no cloak)
rCorr   .          Rampage  .   (no gloves)
Will    .....                   (no boots)
Stlth   ++........              (no amulet)
HPRegen 0.06/turn               (no ring)
MPRegen 0.09/turn               (no ring)

@: no status effects
A: no striking features
a: no special abilities


You were on level 1 of the Dungeon.
You visited 1 branch of the dungeon, and saw 1 of its levels.

You collected 12 gold pieces.

Inventory:

Hand Weapons
 b - a +0 dagger (weapon)
Armour
 a - a +0 robe (worn)


   Skills:
 + Level 1.7 Dodging
 + Level 1.5 Stealth
 * Level 1.6 Spellcasting
 + Level 4.3 Summonings


You had 3 spell levels left.
You knew the following spells:

 Your Spells              Type           Power      Damage    Failure   Level
a - Summon Small Mammal   Summ           56%        N/A       3%          1

Your spell library contained the following spells:

 Spells                   Type           Power      Damage    Failure   Level
 Call Imp                 Summ           14%        N/A       6%          2
 Call Canine Familiar     Summ           14%        N/A       12%         3
 Summon Guardian Golem    Hex/Summ       7%         N/A       28%         3
 Summon Lightning Spire   Summ/Air       7%         N/A       67%         4


Dungeon Overview and Level Annotations

Branches:
Dungeon (1/15)

Altars:


Message History

The hobgoblin closely misses you.
You are too injured to fight recklessly!
Casting: Summon Small Mammal (safe; 3% risk of failure)
Confirm with . or Enter, or press ? or * to list all spells.
The hobgoblin hits you.
* * * LOW HITPOINT WARNING * * *
You swap places.
Your bat barely misses the hobgoblin.
Your bat hits the hobgoblin but does no damage.
Your bat closely misses the hobgoblin.
An endoplasm comes into view.
Your bat hits the hobgoblin but does no damage.
The endoplasm quivers.
Your bat hits the hobgoblin but does no damage.
Your bat hits the hobgoblin but does no damage. x2
Your bat hits the hobgoblin but does no damage.
Unknown command.
Your bat hits the hobgoblin but does no damage.
The endoplasm barely misses you.
Your bat hits the hobgoblin. You hit the endoplasm.
The endoplasm is lightly wounded.
Your bat barely misses the hobgoblin.
The endoplasm hits you.
* * * LOW HITPOINT WARNING * * *
Your bat hits the goblin. You hit the endoplasm.
The endoplasm is almost dead.
Your bat barely misses the goblin.
The endoplasm misses you. The hobgoblin closely misses you.
You hit the endoplasm but do no damage.
The endoplasm is almost dead.
Your bat closely misses the hobgoblin.
The endoplasm freezes you.
You are frozen.
* * * LOW HITPOINT WARNING * * *
You barely miss the endoplasm.
The endoplasm is almost dead.
The hobgoblin closely misses you. The endoplasm freezes you.
You are frozen.
You die...

.....≈.....≈.
......≈≈≈≈≈.. ..
..<....≈≈≈... ..#
........≈.... #.#
≈≈.≈≈≈≈≈..... #.#
≈...≈≈≈.....###.# #####
.....≈..........##....
≈≈≈≈≈...[......gg..#
.≈≈≈........>..J@#
..≈.....#......bg#
.......##......#.# ####
#......#...
########......#.....
#.....................
##.###.........#.......
...............#.......
######.........#.......


You could see an endoplasm, a hobgoblin (ally target), 2 goblins and a friendly
bat (summoned).

Vanquished Creatures
  An endoplasm (D:1)
1 creature vanquished.

Vanquished Creatures (collateral kills)
  A ball python (D:1)
  An endoplasm (D:1)
  A goblin (D:1)
  2 hobgoblins (D:1)
  A jackal (D:1)
  A quokka (D:1)
7 creatures vanquished.

Grand Total: 8 creatures vanquished

Notes
Turn   | Place    | Note
-------+----------+-------------------------------------------
     0 | D:1      | Pinkishskies the Hill Orc Summoner began the quest for the
                  | Orb.
     0 | D:1      | Reached XP level 1. HP: 14/14 MP: 3/3
   215 | D:1      | Reached XP level 2. HP: 19/20 MP: 1/4
   349 | D:1      | Frozen to death by an endoplasm

Illustrated notes

Levels and vault maps discovered:
D:1:      onia_arrival_pyramid, layout_rooms,
          hellmonk_ecumenical_altar_heavens_door

Action                   || total
-------------------------++-------
Melee: Unarmed           ||     5
       Dagger            ||     9
 Cast: Summon Small Mamm ||    16
Armor: Robe              ||     4
Dodge: Dodged            ||    16
